 Dungeon Crawl Stone Soup version 0.29.1-14-g9c671dbff4 (webtiles) character file.

Game seed: 217343338039628062

262700 leafyfresh the Spry (level 21, -6/167 HPs)
             Began as a Djinni Ice Elementalist on Feb 16, 2023.
             Was the Champion of Makhleb.
             Killed by the raging water
             ... invoked by a water nymph
              (21 damage)
             ... on level 3 of the Shoals.
             The game lasted 02:51:55 (52098 turns).

leafyfresh the Spry (Djinni Ice Elementalist)      Turns: 52098, Time: 02:51:57

Health: -6/167     AC: 18    Str: 11      XL:     21   Next: 26%
Gold:   2622       EV: 37    Int: 24 (25) God:    Makhleb [******] SH:  0 Dex: 15 (17)

rFire   . . .      SeeInvis +     - Unarmed
rCold   . . .      Faith    .   (shield currently unavailable)
rNeg    . . .      Spirit   .   (body armour currently unavailable)
rPois   ∞          Reflect  .   (helmet currently unavailable)
rElec   +          Harm     .   (cloak currently unavailable)
rCorr   .          Rampage  .   (gloves currently unavailable)
Will    ++...      Rnd*Tele +   (boots unavailable)
Stlth   +++++.....              J - amulet of the acrobat
HPRegen 0.37/turn               Y - ring of the Hare {EV+8}
MPRegen 0.00/turn               j - ring of Qothrare {rElec Str+6 SInv}

@: storm-form, flying, mesmerised, studying Short Blades, unable to read
A: cleaving, insubstantial, flying, sickness immunity, (fire resistance 2),
(cold vulnerability 1), float, innate caster, HP casting, extra vitality 1,
deterioration 2, robust 1, screaming 1, teleportitis 1, weak 1, no potion heal
1, inability to read after injury 1
}: 1/15 runes: serpentine
a: Blinkbolt, End Transformation, Renounce Religion, Minor Destruction, Lesser
Servant of Makhleb, Major Destruction, Greater Servant of Makhleb


You were on level 3 of the Shoals.
You worshipped Makhleb.
Makhleb was exalted by your worship.
You were a lightning-filled tempest!
You visited 7 branches of the dungeon, and saw 30 of its levels.
You also visited: Desolation.

You collected 3954 gold pieces.
You spent 1332 gold pieces at shops.

Inventory:

Hand Weapons
 h - the +6 great sword of Mimuo (melded) {protect, Stlth+}
   (You took it off a wight on level 7 of the Dungeon)

   It grants its wielder temporary protection when it strikes (+7 to AC).
   Stlth:     It makes you more stealthy.
 D - the +7 lajatang of Order {silver, rMut}
   (You took it off a ragged hierophant in the Desolation of Salt)

   It inflicts extra damage upon those it strikes, and deals substantially
   increased damage to chaotic, mutated and magically transformed beings.
   rMut:      It protects you from mutation.
 N - the +11 scimitar of Wegh {vorpal, rElec rC+ rCorr Stlth-}
   (You took it off a deep elf high priest on level 3 of the Elven Halls)

   It inflicts extra damage upon your enemies.
   rC:        It protects you from cold.
   rElec:     It insulates you from electricity.
   rCorr:     It protects you from acid and corrosion.
   Stlth:     It makes you less stealthy.
Armour
 c - the +1 swamp dragon scales "Lyumie" {Rampage rPois Int+2}
   (You found it on level 3 of the Elven Halls)

   Int:       It affects your intelligence (+2).
   rPois:     It protects you from poison.
   Rampage:   It bestows one free step when moving towards enemies.
 i - a +1 helmet (melded)
 p - +0 gold dragon scales
 q - the +1 pair of gloves of Don Pial (melded) {Int+6 SInv}
   (You found it in the Desolation of Salt)

   Int:       It affects your intelligence (+6).
   SInv:      It lets you see invisible.
 r - the +1 robe "Saemas" (melded) {-Tele Harm Int+9 Dex+4}
   (You found it on level 3 of the Dungeon)

   Int:       It affects your intelligence (+9).
   Dex:       It affects your dexterity (+4).
   -Tele:     It prevents most forms of teleportation.
   Harm:      It increases damage dealt and taken.
 s - the +2 leather armour of the Known World {+Blink rF++}
   (You found it on level 3 of the Elven Halls)

   rF:        It greatly protects you from fire.
   +Blink:    It lets you blink.
Magical Staves
 X - a staff of air
Jewellery
 b - the ring "Neilan" {Drain rElec rPois rCorr Int+2}
   (You found it on level 5 of the Dungeon)

   [ring of resist corrosion]

   Int:       It affects your intelligence (+2).
   rElec:     It insulates you from electricity.
   rPois:     It protects you from poison.
   rCorr:     It protects you from acid and corrosion.
   Drain:     It drains your maximum health when unequipped.
 j - the ring of Qothrare (right fist) {rElec Str+6 SInv}
   (You bought it in a shop on level 2 of the Orcish Mines)

   [ring of see invisible]

   Str:       It affects your strength (+6).
   rElec:     It insulates you from electricity.
   SInv:      It lets you see invisible.
 A - a ring of resist corrosion
 J - an amulet of the acrobat (around neck)
 Y - the ring of the Hare (left fist) {EV+8}
   (You found it on level 1 of the Snake Pit)

   [ring of evasion]

   EV:        It affects your evasion (+8).
Wands
 M - a wand of digging (7)
 R - a wand of mindburst (13)
Scrolls
 o - 2 scrolls of silence
 t - 2 scrolls of brand weapon
 u - 6 scrolls of fog
 v - 4 scrolls of teleportation
 x - a scroll of blinking
 C - 8 scrolls of poison
 E - 2 scrolls of fear
 H - 3 scrolls of torment
 K - 6 scrolls of identify
 T - 6 scrolls of enchant armour
 W - a scroll of magic mapping
Potions
 d - 4 potions of haste
 f - 15 potions of curing
 g - 2 potions of ambrosia
 l - 4 potions of attraction
 m - 6 potions of resistance
 n - 2 potions of berserk rage
 F - 2 potions of brilliance
 L - 3 potions of heal wounds
 P - 3 potions of lignification
 Q - a potion of invisibility
 U - 3 potions of cancellation
 Z - 7 potions of might
Miscellaneous
 a - a phantom mirror
 e - a phial of floods
 k - a condenser vane
 B - a lightning rod (4/4)


   Skills:
 - Level 14.0 Fighting
 - Level 5.9 Armour
 - Level 17.3 Dodging
 - Level 12.5 Stealth
 - Level 5.9 Shields
 - Level 15.2 Unarmed Combat
 - Level 11.1 Spellcasting
 - Level 15.7 Invocations
 + Level 6.3 Evocations


You couldn't memorise any spells.
You knew the following spells:

 Your Spells              Type           Power      Damage    Failure   Level
a - Freeze                Ice            100%       1d11      1%          1
b - Frozen Ramparts       Ice            100%       1d16      1%          3
c - Ozocubu's Armour      Ice            61%        N/A       1%          3
d - Hailstorm             Conj/Ice       61%        3d13      1%          4
e - Beastly Appendage     Tmut           100%       N/A       1%          1
f - Wereblood             Tmut           61%        N/A       1%          2
g - Gell's Gravitas       Tloc           61%        N/A       1%          3
h - Portal Projectile     Hex/Tloc       100%       N/A       1%          3
i - Summon Ice Beast      Ice/Summ       61%        N/A       1%          4
j - Irradiate             Conj/Tmut      30%        3d21      1%          5
k - Eringya's Noxious Bo  Tmut/Pois      30%        N/A       8%          6
l - Storm Form            Tmut/Air       30%        N/A       38%         7
m - Simulacrum            Ice/Necr       30%        N/A       8%          6
n - Maxwell's Capacitive  Air            30%        ∞         97%         8
Your spell library was empty.

Dungeon Overview and Level Annotations

Branches:
Dungeon (12/15)            Temple (1/1) D:6            Lair (5/5) D:11
 Shoals (3/4) Lair:3        Snake (4/4) Lair:2        Slime (0/5) Lair:4
    Orc (2/2) D:10            Elf (3/3) Orc:2       Desolation (visited)

Altars:
Ashenzari
Cheibriados
Dithmenos
Elyvilon
Fedhas
Gozag
Hepliaklqana
Makhleb
Nemelex Xobeh
Okawaru
Qazlal
Ru
Trog
Uskayaw
Wu Jian
Xom
Yredelemnul
Zin
The Shining One

Shops:
D:3 [   D:4 (   D:5 *   D:7 ?   D:11 *   Orc:2 ?=*!(   Elf:2 [   Shoals:2 [
Snake:2 *=(

Annotations:
D:6 1 runed translucent door, PrincessofGymnastics's ghost, novice HuGl
Shoals:1 Nikola


Innate Abilities, Weirdness & Mutations

You are a lightning-filled tempest!
Your electrical attacks strike out in all directions at once.
You are incredibly evasive.
Your insubstantial body is immune to petrification, constriction, and being set on fire You are flying.
Your armour is entirely melded.
You are incapable of wielding weapons or throwing items.
You are immune to sickness and miasma.
You are immune to poison.
((Your flesh is very heat resistant. (rF++)))
((You are vulnerable to cold. (rC-)))
You float through the air rather than walking.
You learn spells naturally, not from books.
Your magical power is your life essence.
You have superior vitality. (+4 MHP)
Your body often deteriorates upon taking damage.
You are robust. (+10% HP)
You occasionally shout uncontrollably at your foes.
You are occasionally teleported next to monsters.
You are weak. (Str -2)
Potions are less effective at restoring your health.
You occasionally lose the ability to read scrolls when taking damage.


Message History

The water rises up and strikes you!
The merfolk impaler completely misses you.
The merfolk avatar chants its luring song.
The water nymph attacks as you move away!
The water nymph completely misses you.
The merfolk impaler hits you with a +0 trident.
The water nymph points at you and mumbles some strange words.
The water rises up and strikes you!
* * * LOW HITPOINT WARNING * * *
The merfolk avatar chants its luring song.
The merfolk impaler completely misses you.
A demon appears!
The pull of its song draws you forwards.
The wind drake completely misses you. The water nymph casts a spell at you.
The water rises up and strikes you!!
You feel threatened and lose the ability to read scrolls!
* * * LOW HITPOINT WARNING * * *
Your body deteriorates!
You feel dopey. The sea snake completely misses you.
The merfolk avatar chants its luring song.
The water nymph gestures at you while chanting.
The water rises up and strikes you.
The merfolk throws a silver boomerang.
The silver boomerang completely misses you.
The merfolk javelineer throws a javelin.
The javelin completely misses you.
The javelin pierces through your balrug!!
Unknown command.
Press: ? - help, v - describe, . - travel
Here: a wind drake (heavily wounded, repelling missiles, ally target) Some shallow water, summoned.
Unknown command.
You barely miss the sea snake.
You hit the wind drake but do no damage.
You buffet the water nymph!
You hit the merfolk impaler. The wind drake misses you.
The merfolk impaler completely misses you.
The water nymph gestures at you while chanting.
The water rises up and strikes you!!
You die...

≈~......~.......~~≈≈≈≈~~~~
≈≈...~..≈≈≈≈≈≈..~~~~≈≈≈~~~
≈≈≈..~~~...≈≈≈....~~~~~~~~
≈≈~≈≈≈~~≈..m..~...~~~~~~≈≈
.~≈≈≈≈≈~≈≈~.....~.~~~~~≈≈≈
.~≈≈≈≈≈≈≈≈~.#####S..~~~~~~
..≈~~≈≈≈≈m...# #~~.~~..~~
$....~≈≈m~S)~## #~~m..##m~
.....~~.mvkm~~##..~~.##
.##..~~..2~m~~~~..~....
##...~.~~.~~~~~.~~~..
P.....~m####.....~~~~~.
....~~~~# ##..>.~~~~~~~
......~~~~ ##...~~~~~~.#
~P.......~ ....~ ~..~~....
...# .##


You could see a merfolk avatar (mesmerising), a merfolk impaler, a merfolk
javelineer, a sea snake, a wind drake (repels missiles, ally target), a merfolk,
3 water nymphs and a friendly balrug (summoned).

Vanquished Creatures
  2 deep elf master archers (Elf:3)
  3 deep elf blademasters (Elf:3)
  A kraken (Shoals:2)
  Polyphemus (Shoals:2)
  The ghost of Pileg the Severer, an adept FoFi of Okawaru (Elf:2)
  5 nagarajas
  Ilsuiw (Shoals:3)
  6 deep elf sorcerers (Elf:3)
  3 imperial myrmidons (Desolation)
  5 deep elf elementalists (Elf:3)
  2 angels (Elf:1)
  4 deep elf demonologists
  3 halazid warlocks (Desolation)
  12 deep elf annihilators (Elf:3)
  4 deep elf death magi (Elf:3)
  An ettin (Orc:2)
  A merfolk javelineer (Shoals:2)
  2 merfolk impalers
  8 ragged hierophants (Desolation)
  Josephine (Orc:1)
  11 deep elf high priests (Elf:3)
  4 hydras
  Fannar (Lair:1)
  8 salamander tyrants
  6 servants of whispers (Desolation)
  19 anacondas
  An ogre mage (Orc:2)
  2 merfolk avatars
  12 death yaks
  2 catoblepae (Lair:5)
  10 peacekeepers (Desolation)
  A boulder beetle (Lair:2)
  26 dancing weapons
  7 naga warriors
  3 alligator snapping turtles
  A two-headed ogre (D:8)
  5 orc high priests (Orc:2)
  9 naga sharpshooters
  Urug (Orc:1)
  5 shock serpents
  Nergalle (Lair:2)
  15 deep elf knights
  8 salamander mystics
  5 sea snakes
  8 naga ritualists
  14 deep elf archers
  4 lindwurms
  12 harpies
  Pikel (D:8)
  27 deep elf zephyrmancers
  12 orc knights
  12 mana vipers
  4 ironbound convokers (Desolation)
  24 deep elf pyromancers
  2 statues (D:10)
  2 cyclopes (D:11)
  2 orc sorcerers
  6 manticores
  8 fauns
  A wolf spider (Lair:5)
  30 salamanders
  5 merfolk sirens
  16 guardian serpents
  10 naga magi
  2 elephants (Lair:5)
  A torpor snail (Lair:4)
  38 black mambas
  2 molten gargoyles (Desolation)
  3 water nymphs
  Maggie (D:7)
  4 cane toads
  2 komodo dragons
  A rime drake (Lair:5)
  3 trolls
  A troll (shapeshifter) (Elf:3)
  12 merfolk
  2 wind drakes (Shoals:2)
  9 polar bears
  2 hornets
  72 saltlings (Desolation)
  6 snapping turtles
  4 raiju (Lair:5)
  4 dream sheep (Lair:5)
  4 spriggans (Lair:2)
  4 air elementals
  2 shadows
  7 water elementals
  4 wyverns
  29 yaks
  9 wraiths
  A basilisk (Lair:5)
  5 wargs
  An acid dragon (D:10)
  24 nagas
  10 hell hounds (Lair:5)
  10 water moccasins
  2 ice beasts (D:7)
  3 sky beasts
  30 orc warriors
  11 black bears
  17 ogres
  16 wolves (Lair:5)
  A centaur (D:9)
  A phantom (D:5)
  4 kobold brigands
  4 lemures (D:8)
  6 bullfrogs
  An earth elemental (Elf:3)
  2 scorpions
  9 wights
  4 killer bees (D:10)
  5 howler monkeys
  An electric eel (D:10)
  4 jellies
  5 hounds
  3 gnoll boudas
  27 orc priests
  Jessica (D:2)
  17 orc wizards
  5 iguanas
  20 gnolls
  11 adders
  A white imp (D:7)
  2 ufetubi
  2 worms
  A dart slug (D:5)
  84 orcs
  5 bats
  5 endoplasms
  A giant cockroach (D:1)
  4 goblins
  3 hobgoblins
  15 jackals
  22 kobolds
  2 quokkas
  6 ball pythons
  5 frilled lizards
  2 rats (D:1)
  2 bushes (D:10)
  A tentacle (Shoals:2)
1081 creatures vanquished.

Vanquished Creatures (collateral kills)
  A nagaraja (Snake:4)
  A hydra (Lair:1)
  2 anacondas
  A catoblepas (Shoals:1)
  A naga warrior (Snake:4)
  2 death yaks
  A shock serpent (Snake:2)
  A sea snake (Shoals:1)
  2 lindwurms (Snake:4)
  A harpy (Shoals:1)
  4 mana vipers
  A salamander (Snake:3)
  A faun (Shoals:1)
  A naga mage (Snake:2)
  3 black mambas
  A merfolk siren (Shoals:2)
  A rime drake (Lair:5)
  2 cane toads (Lair:5)
  A komodo dragon (Lair:5)
  A wind drake (Shoals:2)
  A polar bear (Lair:5)
  A snapping turtle (Shoals:1)
  2 spriggans (Lair:2)
  2 wyverns
  5 yaks
  4 nagas
  A water moccasin (Lair:5)
  3 hell hounds (Lair:5)
  A black bear (Lair:5)
  3 wolves (Lair:5)
  A bullfrog (Lair:2)
  2 wights (D:7)
  An electric eel (Lair:5)
  2 orc priests
  An orc wizard (D:7)
  3 gnolls (D:7)
  5 orcs (D:7)
67 creatures vanquished.

Vanquished Creatures (others)
  A deep elf knight (Elf:2)
  20 fungi
  80 plants
  3 tentacles (Shoals:2)
104 creatures vanquished.

Grand Total: 1252 creatures vanquished

Notes
Turn   | Place    | Note
-------+----------+-------------------------------------------
     0 | D:1      | leafyfresh the Djinni Ice Elementalist began the quest for
                  | the Orb.
     0 | D:1      | leafyfresh set off with the following spells memorised:
                  | Freeze, Frozen Ramparts, Ozocubu's Armour, Hailstorm.
     0 | D:1      | Reached XP level 1. HP: 15/15 MP: 0/0
    62 | D:1      | Reached XP level 2. HP: 8/21 MP: 0/0
  1057 | D:1      | Reached skill level 3 in Dodging
  1057 | D:1      | Reached XP level 3. HP: 20/25 MP: 0/0
  1057 | D:1      | Learned a level 1 spell: Beastly Appendage
  1606 | D:2      | Noticed Jessica
  1614 | D:2      | Killed Jessica
  1615 | D:2      | Reached XP level 4. HP: 11/31 MP: 0/0
  1864 | D:2      | Found a faded altar of an unknown god.
  2777 | D:3      | Identified the +1 robe "Saemas" {-Tele Harm Int+9 Dex+4}
  3022 | D:3      | Found Lethrypn's Antique Armour Emporium.
  3147 | D:3      | Reached skill level 4 in Dodging
  3147 | D:3      | Reached XP level 5. HP: 31/35 MP: 0/0
  3147 | D:3      | Learned a level 2 spell: Wereblood
  3772 | D:3      | Found a sparkling altar of Nemelex Xobeh.
  3773 | D:3      | Found a shimmering altar of Xom.
  3773 | D:3      | Found an iron altar of Okawaru.
  3926 | D:4      | Noticed a black bear
  3935 | D:4      | Killed a black bear
  3936 | D:4      | Reached XP level 6. HP: 24/40 MP: 0/0
  4176 | D:4      | Reached skill level 5 in Dodging
  4499 | D:4      | Reached XP level 7. HP: 35/45 MP: 0/0
  4499 | D:4      | Learned a level 3 spell: Gell's Gravitas
  4702 | D:4      | Found Odivviecs's Antique Weapon Shop.
  5584 | D:5      | Entered Level 5 of the Dungeon
  5597 | D:5      | Found Ficodwes's General Store.
  5605 | D:5      | Reached skill level 5 in Spellcasting
  5616 | D:5      | Reached skill level 6 in Dodging
  5735 | D:5      | Found a shadowy altar of Dithmenos.
  5961 | D:5      | Found a sacrificial altar of Ru.
  6060 | D:5      | Identified the +1 leather armour "Vitwec" {rN+ Will+}
  6084 | D:5      | Reached XP level 8. HP: 44/50 MP: 0/0
  6368 | D:5      | Reached skill level 7 in Dodging
  7086 | D:5      | Identified the ring "Neilan" {Drain rElec rPois rCorr
                  | Int+2}
  7874 | D:6      | Reached skill level 8 in Dodging
  7983 | D:6      | Reached XP level 9. HP: 46/55 MP: 0/0
  7983 | D:6      | Learned a level 3 spell: Portal Projectile
  8209 | D:6      | Found a staircase to the Ecumenical Temple.
  8233 | Temple   | Entered the Ecumenical Temple
  8292 | Temple   | Became a worshipper of Makhleb the Destroyer
  8654 | D:6      | Found a runed translucent door.
  8659 | D:6      | Noticed PrincessofGymnastics's ghost (novice HuGl)
  9017 | D:8      | Noticed a hornet
  9018 | D:8      | Noticed Pikel
  9021 | D:8      | Killed a hornet
  9022 | D:8      | Reached skill level 9 in Dodging
  9025 | D:8      | Killed Pikel
  9224 | D:8      | Found an ornate altar of the Wu Jian Council.
  9242 | D:8      | Noticed a two-headed ogre
  9257 | D:8      | Reached skill level 10 in Dodging
  9259 | D:8      | Killed a two-headed ogre
  9260 | D:8      | Reached XP level 10. HP: 42/60 MP: 0/0
  9415 | D:8      | Found a hazy altar of Hepliaklqana.
  9415 | D:8      | Found a glowing silver altar of Zin.
  9671 | D:8      | Reached * piety under Makhleb
 10483 | D:9      | Reached skill level 11 in Dodging
 12395 | D:9      | HP: 2/60 [wraith (8)]
 12672 | D:10     | Entered Level 10 of the Dungeon
 12751 | D:10     | Found a staircase to the Orcish Mines.
 12765 | D:10     | Reached ** piety under Makhleb
 13106 | D:10     | Reached skill level 12 in Dodging
 13583 | D:10     | Noticed an archer statue
 13585 | D:10     | Noticed an archer statue
 13613 | Orc:1    | Entered Level 1 of the Orcish Mines
 13670 | Orc:1    | Reached XP level 11. HP: 57/65 MP: 0/0
 13670 | Orc:1    | Learned a level 4 spell: Summon Ice Beast
 13746 | Orc:1    | Noticed Josephine
 13756 | Orc:1    | Noticed Urug
 14050 | D:9      | Found a snail-covered altar of Cheibriados.
 14097 | D:9      | Reached skill level 1 in Fighting
 14097 | D:9      | Reached skill level 1 in Invocations
 14485 | D:7      | Noticed Maggie
 14491 | D:7      | Killed Maggie
 14954 | D:7      | Found Heedgh's Magic Scroll Boutique.
 14961 | D:7      | Bought a scroll of blinking for 75 gold pieces
 14961 | D:7      | Bought a scroll of identify for 20 gold pieces
 14962 | D:7      | Bought a scroll of identify for 20 gold pieces
 14962 | D:7      | Bought a scroll of identify for 20 gold pieces
 15062 | D:7      | Identified the +6 great sword of Mimuo {protect, Stlth+}
 16099 | D:11     | Found Kyrhowk's Assorted Antiques.
 16179 | D:11     | Noticed a cyclops
 16186 | D:11     | Killed a cyclops
 16661 | D:11     | Found a staircase to the Lair.
 16857 | D:11     | Noticed a cyclops
 16863 | D:11     | Killed a cyclops
 17184 | Lair:1   | Entered Level 1 of the Lair of Beasts
 17435 | Lair:1   | Reached *** piety under Makhleb
 17808 | Lair:1   | Reached XP level 12. HP: 79/79 MP: 0/0
 17811 | Lair:1   | Reached skill level 10 in Spellcasting
 17906 | Lair:1   | Noticed a four-headed hydra
 17913 | Lair:1   | Killed a five-headed hydra
 17914 | Lair:1   | Reached skill level 5 in Fighting
 17914 | Lair:1   | Reached skill level 5 in Invocations
 18061 | Lair:1   | Noticed Fannar
 18108 | Lair:1   | Reached skill level 5 in Stealth
 18134 | Lair:1   | Noticed a death yak
 18136 | Lair:1   | Noticed a death yak
 18136 | Lair:1   | Noticed a death yak
 18136 | Lair:1   | Noticed a death yak
 18136 | Lair:1   | Noticed a death yak
 18139 | Lair:1   | Noticed a death yak
 18141 | Lair:1   | Killed a death yak
 18142 | Lair:1   | Killed a death yak
 18150 | Lair:1   | Killed a death yak
 18151 | Lair:1   | Killed a death yak
 18152 | Lair:1   | Killed a death yak
 18179 | Lair:1   | Killed a death yak
 18245 | Lair:2   | Noticed Nergalle
 18509 | Lair:1   | Killed Fannar
 18859 | Lair:2   | Noticed a boulder beetle
 18893 | Lair:2   | Killed a boulder beetle
 18894 | Lair:2   | Reached skill level 13 in Dodging
 19123 | Lair:2   | Killed Nergalle
 19553 | Lair:2   | Found a staircase to the Snake Pit.
 19564 | Lair:2   | Reached XP level 13. HP: 85/85 MP: 0/0
 19564 | Lair:2   | Learned a level 5 spell: Irradiate
 20217 | Lair:2   | Noticed a six-headed hydra
 20707 | Lair:2   | Killed a six-headed hydra
 21280 | Lair:3   | Found a bloodstained altar of Trog.
 21412 | Lair:3   | Reached **** piety under Makhleb
 21716 | Lair:3   | Found a staircase to the Shoals.
 22597 | Lair:4   | Noticed a four-headed hydra
 22604 | Lair:4   | Killed a four-headed hydra
 22717 | Lair:4   | Reached skill level 1 in Armour
 22717 | Lair:4   | Reached skill level 1 in Shields
 22959 | Lair:4   | Found a staircase to the Slime Pits.
 22973 | Lair:4   | Reached skill level 14 in Dodging
 23239 | Lair:5   | Entered Level 5 of the Lair of Beasts
 23820 | Lair:5   | Noticed a catoblepas
 23843 | Lair:5   | Killed a catoblepas
 24695 | Lair:5   | Reached XP level 14. HP: 94/94 MP: 0/0
 24877 | Lair:5   | Reached ***** piety under Makhleb
 26103 | Lair:5   | Reached skill level 5 in Shields
 26111 | Lair:5   | Reached skill level 5 in Armour
 26753 | Shoals:1 | Entered Level 1 of the Shoals
 26873 | Snake:1  | Entered Level 1 of the Snake Pit
 26981 | Snake:1  | Reached skill level 15 in Dodging
 26995 | Snake:1  | Reached skill level 10 in Invocations
 28301 | Snake:1  | Identified the +2 arbalest of the Breathing Badger {penet,
                  | Drain +Blink rPois Int+3}
 28320 | Snake:1  | Reached XP level 15. HP: 97/103 MP: 0/0
 28320 | Snake:1  | Learned a level 6 spell: Eringya's Noxious Bog
 28424 | Snake:1  | Found the ring of the Hare {EV+8}
 28785 | Snake:2  | Noticed a nagaraja
 28796 | Snake:2  | Killed a nagaraja
 28804 | Snake:2  | HP: 4/103 [naga sharpshooter/bolt (37)]
 29139 | Snake:2  | You are sucked into a shaft and drop 1 floor!
 29431 | Snake:2  | Identified the +0 ring mail of Amelioration {Regen+ Dex+2}
 29798 | Snake:2  | Found Kofi's Antique Weapon Shop.
 29798 | Snake:2  | Found Hatacki's Jewellery Boutique.
 29802 | Snake:2  | Found Iduong's Assorted Antiques.
 29849 | Snake:2  | Bought a scroll of identify for 44 gold pieces
 29849 | Snake:2  | Bought a scroll of identify for 44 gold pieces
 29849 | Snake:2  | Bought a scroll of identify for 44 gold pieces
 30436 | Snake:2  | Gained mutation: You are clumsy. (Dex -2) [mutagenic glow]
 30657 | Snake:2  | Reached ****** piety under Makhleb
 31241 | Snake:3  | Noticed a nagaraja
 31252 | Snake:3  | Killed a nagaraja
 31348 | Snake:3  | Reached XP level 16. HP: 83/109 MP: 0/0
 32890 | Snake:4  | Entered Level 4 of the Snake Pit
 32910 | Snake:4  | Reached skill level 10 in Stealth
 33386 | Snake:4  | Noticed a nagaraja
 33770 | Snake:4  | Noticed a nagaraja
 33784 | Snake:4  | Reached XP level 17. HP: 81/113 MP: 0/0
 33784 | Snake:4  | Learned a level 7 spell: Storm Form
 34044 | Snake:4  | Reached skill level 15 in Invocations
 34348 | Snake:4  | Got a serpentine rune of Zot
 35035 | Snake:4  | Found a glowing golden altar of the Shining One.
 35835 | Shoals:1 | Reached skill level 1 in Unarmed Combat
 35961 | Shoals:1 | Noticed Nikola
 36770 | Shoals:2 | Found Areo's Armour Boutique.
 36891 | Shoals:2 | Noticed Polyphemus
 36903 | Shoals:1 | Reached skill level 5 in Unarmed Combat
 37401 | Shoals:1 | Reached XP level 18. HP: 101/120 MP: 0/0
 37862 | Orc:1    | Killed Urug
 38096 | Orc:1    | Killed Josephine
 38711 | Orc:2    | Entered Level 2 of the Orcish Mines
 38889 | Orc:2    | Gained mutation: Your body sometimes deteriorates upon
                  | taking damage. [mutagenic glow]
 38921 | Orc:2    | Gained mutation: You occasionally shout uncontrollably at
                  | your foes. [mutagenic glow]
 38935 | Orc:2    | Gained mutation: You are very clumsy. (Dex -4) [mutagenic
                  | glow]
 38979 | Orc:2    | Gained mutation: You are weak. (Str -2) [mutagenic glow]
 39617 | Orc:2    | Reached skill level 10 in Unarmed Combat
 39805 | Orc:2    | Found a staircase to the Elven Halls.
 39864 | Orc:2    | Found Bijaina's Jewellery Emporium.
 39869 | Orc:2    | Found Erustrel's Distillery.
 39870 | Orc:2    | Found Wyug's Antique Weapon Emporium.
 39871 | Orc:2    | Found Sezovuumi's General Store.
 39879 | Orc:2    | Bought the ring of Qothrare {rElec Str+6 SInv} for 624 gold
                  | pieces
 40061 | Orc:2    | Found Zuipnof's Magic Scroll Shop.
 40094 | Orc:2    | Bought a scroll of enchant armour for 135 gold pieces
 40094 | Orc:2    | Bought a scroll of silence for 171 gold pieces
 40094 | Orc:2    | Bought a scroll of blinking for 135 gold pieces
 40274 | Elf:1    | Entered Level 1 of the Elven Halls
 40287 | Elf:1    | Paralysed by an air elemental for 1 turns
 40356 | Elf:1    | Found a crumbling gateway.
 40358 | Elf:1    | Found a glowing silver altar of Zin.
 40358 | Elf:1    | Found a glowing golden altar of the Shining One.
 40358 | Elf:1    | Found a white marble altar of Elyvilon.
 40366 | Elf:1    | Gained mutation: You are frail. (-10% HP) [mutagenic glow]
 40375 | Desolati | Entered the Desolation of Salt
 40389 | Desolati | Gained mutation: You sometimes lose your temper in combat.
                  | [mutagenic glow]
 41022 | Desolati | Gained mutation: Your body often deteriorates upon taking
                  | damage. [mutagenic glow]
 41251 | Desolati | Identified the +1 pair of gloves of Don Pial {Int+6 SInv}
 41414 | Desolati | Reached skill level 10 in Fighting
 41487 | Desolati | Reached XP level 19. HP: 114/117 MP: 0/0
 41487 | Desolati | Learned a level 6 spell: Simulacrum
 41495 | Desolati | Identified the +8 chain mail "Gupnoic" {Harm rPois Str-3}
 41602 | Desolati | Gained mutation: You occasionally lose the ability to read
                  | scrolls when taking damage. [mutagenic glow]
 41763 | Desolati | Gained mutation: You are dopey. (Int -2) [mutagenic glow]
 43233 | Elf:1    | Lost mutation: You are very clumsy. (Dex -4) [potion of
                  | mutation]
 43233 | Elf:1    | Lost mutation: You are dopey. (Int -2) [potion of mutation]
 43233 | Elf:1    | Lost mutation: You are clumsy. (Dex -2) [potion of
                  | mutation]
 43233 | Elf:1    | Lost mutation: You occasionally shout uncontrollably at
                  | your foes. [potion of mutation]
 43234 | Elf:1    | Lost mutation: Your body often deteriorates upon taking
                  | damage. [potion of mutation]
 43234 | Elf:1    | Lost mutation: You are frail. (-10% HP) [potion of
                  | mutation]
 43234 | Elf:1    | Gained mutation: Potions are less effective at restoring
                  | your health. [potion of mutation]
 43591 | Elf:2    | Lost mutation: You sometimes lose your temper in combat.
                  | [potion of mutation]
 43591 | Elf:2    | Lost mutation: You occasionally lose the ability to read
                  | scrolls when taking damage. [potion of mutation]
 43591 | Elf:2    | Gained mutation: You occasionally shout uncontrollably at
                  | your foes. [potion of mutation]
 43591 | Elf:2    | Gained mutation: You are robust. (+10% HP) [potion of
                  | mutation]
 44225 | Elf:2    | Found a runed translucent gate.
 44226 | Elf:2    | Found a runed translucent gate.
 44226 | Elf:2    | Found a runed translucent gate.
 44278 | Elf:2    | Found a runed translucent gate.
 44278 | Elf:2    | Found a runed translucent gate.
 44279 | Elf:2    | Found a runed translucent gate.
 44279 | Elf:2    | Noticed Pileg's ghost (adept FoFi)
 44677 | Elf:2    | Found Jays's Armour Shop.
 44702 | Elf:2    | Killed Pileg's ghost
 44758 | Elf:2    | Noticed an Ice Fiend
 45734 | Elf:2    | Reached skill level 16 in Dodging
 45797 | Elf:2    | Reached XP level 20. HP: 135/156 MP: 0/0
 46497 | Elf:3    | Entered Level 3 of the Elven Halls
 46594 | Elf:3    | Identified the +0 chain mail "Pomud" {Drain Dex+3 Stlth+}
 47264 | Elf:3    | Gained mutation: You occasionally lose the ability to read
                  | scrolls when taking damage. [mutagenic glow]
 47693 | Elf:3    | Identified the +2 mace of the Vaults {vorpal, Int+3 Dex+3}
 47973 | Elf:3    | Reached skill level 17 in Dodging
 47974 | Elf:3    | Gained mutation: You are occasionally teleported next to
                  | monsters. [mutagenic glow]
 48017 | Elf:3    | Identified the +11 scimitar of Wegh {vorpal, rElec rC+
                  | rCorr Stlth-}
 48019 | Elf:3    | HP: 4/159 [deep elf high priest/damnation (31)]
 48036 | Elf:3    | Identified the ring "Xopimu" {rC++ MP+9}
 48044 | Elf:3    | Identified the +1 swamp dragon scales "Lyumie" {Rampage
                  | rPois Int+2}
 48600 | Elf:3    | Reached skill level 15 in Unarmed Combat
 48675 | Elf:3    | Gained mutation: Your body often deteriorates upon taking
                  | damage. [mutagenic glow]
 48899 | Elf:3    | Identified the +1 robe of the Skies Above {rC- MP+9 Str+4
                  | Int+3}
 48960 | Elf:3    | Identified the +5 halberd of Hougipte {elec, rN+ Str+4}
 49053 | Elf:3    | Reached skill level 1 in Evocations
 49075 | Elf:3    | Identified the +9 spear of the Original Sin {vorpal, rPois
                  | Str+9}
 49108 | Elf:3    | Reached XP level 21. HP: 167/167 MP: 0/0
 49108 | Elf:3    | Learned a level 8 spell: Maxwell's Capacitive Coupling
 49163 | Elf:3    | Identified the +2 leather armour of the Known World {+Blink
                  | rF++}
 50584 | Shoals:2 | Killed Polyphemus
 50778 | Shoals:2 | Found a runed translucent door.
 51371 | Shoals:2 | Reached skill level 5 in Evocations
 51531 | Shoals:3 | Noticed Ilsuiw
 51543 | Shoals:3 | Killed Ilsuiw
 52098 | Shoals:3 | Killed from afar by a water nymph

Illustrated notes

Levels and vault maps discovered:
D:1:      lightli_arrival_windingriver, layout_basic, minmay_statues_item,
          nicolae_kite_square_tiling_tiny, minmay_small_reverse_x
D:2:      cheibrodos_helix_gallery, layout_loops_corners,
          ebering_ecumenical_altar_box, uniq_jessica
D:3:      layout_basic, gammafunk_temple_overflow_claw, serial_shops,
          shop_statue
D:4:      layout_loops_cross, serial_co_window_serial, co_window_paths_a,
          co_window_cross_1, co_window_paths_b, co_window_of_opportunity_a,
          co_window_corner_a, co_window_paths_b, co_window_paths_a,
          co_window_corner_b, co_window_unsneaky_path_c, co_window_2corner,
          co_window_paths_d, co_window_sun, nicolae_stop_n_shop_1
D:5:      layout_basic, kennysheep_orc_sif_temple,
          mainiacjoe_overflow_small_starburst, mainiacjoe_overflow_alcove_2,
          serial_shops, nicolae_shop_behind_doors, minmay_misc_feat_encased,
          nicolae_grassy_gnolls
D:6:      layout_loops_cross, minmay_temple_entry_hall, ebering_ghost_sewer_d,
          minmay_between
D:7:      layout_basic, serial_shops, nicolae_shop_crystal, uniq_maggie
D:8:      layout_basic, nzn_wu_jian_council_hall, grunt_temple_overflow_open,
          uniq_pikel
D:9:      layout_roguey, cheibrodos_worm_habitat, nicolae_fountain_basement
D:10:     layout_irregular_city, minmay_orc_entry_temple_small,
          kennysheep_minor_cross, minmay_dual_archer_statues
D:11:     layout_cross, lair_entry_dummy, serial_shops, shop
D:12:     layout_loops_corners, kennysheep_doodads, uniq_jorgrun, uniq_rupert,
          uniq_frances
Temple:   nicolae_temple_x_marks_the_god
Lair:1:   layout_long_grid, minmay_stone_trees_small, grunt_megastairs_1,
          uniq_fannar
Lair:2:   layout_regular_city, minmay_snake_entry_spellcaster, wad_woods_01,
          uniq_nergalle
Lair:3:   layout_regular_city, shoals_dummy_entry, basic_altar
Lair:4:   layout_misc_corridors, slime_entry_1, lemuel_fruit_tree
Lair:5:   hangedman_lair_caniforms_friends, layout_regular_city,
          hangedman_lair_in_review, serial_bayou_shore_a
Shoals:1: layout_shoals, uniq_nikola
Shoals:2: layout_shoals, serial_shops, shop, lightli_airlock, uniq_polyphemus
Shoals:3: nicolae_shoals_mermall, layout_shoals, uniq_ilsuiw, uniq_kirke
Snake:1:  layout_concentric_octagons, grunt_megastairs_2
Snake:2:  layout_layer_cave, minmay_shop_star, grunt_megastairs_3,
          serial_bayou_shore_b
Snake:3:  layout_onion, drop_trap, st_stairs_14
Snake:4:  snake_pit_salamanders_mu, layout_cave_town, basic_altar
Orc:1:    layout_diamond_mine, nicolae_orc_crystal_geode, uniq_urug,
          uniq_josephine
Orc:2:    st_orc_pillars, layout_diamond_mine, serial_shops,
          nicolae_diamond_shop, mines4_lemuel
Elf:1:    nicolae_elf_arrival_aired_out, layout_loops_cross,
          portal_desolation_entry_holy_temple, minmay_elf_demonology
Elf:2:    nicolae_elf_blades_crystal_corner, layout_onion_city,
          ebering_ghost_rock_garden, serial_shops, shop
Elf:3:    minmay_elf_hall_hex, layout_gridlike

Skill      XL: |  1  2  3  4  5  6  7  8  9 10 11 12 13 14 15 16 17 18 19 20 21 |
---------------+----------------------------------------------------------------+-----
Dodging        | 3 4 5 6 8 10 12 13 14 15 16 17 | 17.3
Spellcasting   | 4 5 6 8 9 10 11 | 11.1
Fighting       | 4 5 6 8 10 12 14 | 14.0
Stealth        | 4 5 8 11 12 | 12.5
Invocations    | 4 7 9 10 12 14 15 | 15.7
Armour         | 3 5 |  5.9
Shields        | 3 5 |  5.9
Unarmed Combat | 7 11 13 15 | 15.2
Evocations     | 1 6 |  6.3

Action                   |  1- 3 |  4- 6 |  7- 9 | 10-12 | 13-15 | 16-18 | 19-21 || total
-------------------------+-------+-------+-------+-------+-------+-------+-------++-------
Melee: Dagger            |    27 |    85 |    38 |       |       |       |       ||   150
       Whip              |       |       |    66 |    61 |    21 |       |       ||   148
       Headbutt          |       |       |       |    13 |       |       |       ||    13
       Glaive            |       |       |       |    23 |       |       |       ||    23
       Halberd           |       |       |       |    21 |       |       |       ||    21
       Great sword       |       |       |       |    48 |   137 |    43 |     9 ||   237
       Unarmed           |       |       |       |       |       |   363 |   384 ||   747
       Punch             |       |       |       |       |       |    36 |    31 ||    67
       Staff             |       |       |       |       |       |     8 |       ||     8
 Cast: Freeze            |    30 |    13 |    15 |    24 |    36 |    17 |       ||   135
       Frozen Ramparts   |     2 |     7 |    22 |    52 |    67 |     6 |     3 ||   159
       Beastly Appendage |     1 |       |       |    10 |       |     1 |       ||    12
       Hailstorm         |       |     5 |    26 |    66 |   104 |   109 |    74 ||   384
       Ozocubu's Armour  |       |     2 |     2 |    26 |    48 |    30 |    14 ||   122
       Gell's Gravitas   |       |       |     1 |     9 |       |       |       ||    10
       Portal Projectile |       |       |       |     1 |       |       |       ||     1
       Summon Ice Beast  |       |       |       |    23 |    85 |    27 |     5 ||   140
       Irradiate         |       |       |       |       |    19 |    63 |    62 ||   144
       Eringya's Noxious |       |       |       |       |     6 |    26 |    13 ||    45
       Storm Form        |       |       |       |       |       |    24 |    56 ||    80
Invok: Greater Servant o |       |       |       |       |       |     3 |     4 ||     7
Evoke: Wand              |       |       |     1 |     6 |     4 |       |       ||    11
       Lightning rod     |       |       |       |     5 |     1 |       |       ||     6
  Use: Scroll            |       |       |    12 |     8 |     7 |     6 |    17 ||    50
       Potion            |       |       |       |    11 |     4 |     2 |     9 ||    26
 Stab: Sleeping          |     1 |     2 |     4 |     4 |     3 |     1 |     6 ||    21
       Distracted        |       |       |       |     3 |     1 |     1 |     1 ||     6
Armor: Robe              |    11 |    19 |    16 |    45 |    92 |    24 |     3 ||   210
       Skin              |       |       |       |       |       |    31 |    65 ||    96
Dodge: Dodged            |    29 |    70 |   100 |   317 |   514 |   700 |   583 ||  2313
